 Dungeon Crawl Stone Soup version 0.28.0-45-g0d030f2227 (webtiles) character file.

Game seed: 17255005053799163884

14 crimpus the Covered (level 2, 27/27 HPs)
             Began as a Minotaur Fighter on Apr 2, 2022.
             Got out of the dungeon alive.
             The game lasted 00:00:55 (837 turns).

crimpus the Covered (Minotaur Fighter)               Turns: 837, Time: 00:00:56

Health: 27/27      AC:  7    Str: 20    XL:     2   Next: 27%
Magic:  1/1        EV:  9    Int:  5    God:
Gold:   54         SH:  4    Dex:  9    Spells: 1/1 levels left

rFire   . . .      SeeInvis .   a - +0 war axe
rCold   . . .      Faith    .   c - +0 buckler
rNeg    . . .      Spirit   .   b - +0 scale mail
rPois   .          Reflect  .   (helmet restricted)
rElec   .          Harm     .   (no cloak)
rCorr   .          Rampage  .   (no gloves)
Will    .....                   (no boots)
Stlth   ..........              (no amulet)
HPRegen 0.09/turn               (no ring)
MPRegen 0.07/turn               (no ring)

@: no status effects
A: horns 2, retaliatory headbutt
a: no special abilities


You escaped.
You visited 1 branch of the dungeon, and saw 1 of its levels.

You collected 54 gold pieces.

Inventory:

Hand Weapons
 a - a +0 war axe (weapon)
Armour
 b - a +0 scale mail (worn)
 c - a +0 buckler (worn)
Jewellery
 i - a ring of protection from fire
Scrolls
 e - a scroll of immolation {unknown}
 f - 3 scrolls of identify {unknown}
 g - a scroll of fog {unknown}
 h - a scroll of magic mapping {unknown}
Potions
 d - 3 potions of might


   Skills:
 + Level 3.9 Fighting
 - Level 2.4 Axes
 + Level 4.0 Armour
 + Level 4.0 Shields


You had one spell level left.
You didn't know any spells.
Your spell library was empty.

Dungeon Overview and Level Annotations

Branches:
Dungeon (1/15)

Altars:


Innate Abilities, Weirdness & Mutations

You have a pair of horns on your head.
You reflexively headbutt those who attack you in melee.


Message History

A frilled lizard comes into view.
A frilled lizard is nearby!
A frilled lizard is nearby!
The frilled lizard bites you but does no damage.
A frilled lizard is nearby!
You completely miss the frilled lizard. The frilled lizard closely misses you.
A frilled lizard is nearby!
You hit the frilled lizard.
Your headbutt misses the frilled lizard.
The frilled lizard is heavily wounded.
The frilled lizard bites you.
A frilled lizard is nearby!
You hit the frilled lizard but do no damage.
The frilled lizard is heavily wounded.
The frilled lizard bites you.
The frilled lizard bites you but does no damage.
You miss the frilled lizard.
Your headbutt misses the frilled lizard.
The frilled lizard is heavily wounded.
The frilled lizard closely misses you.
A frilled lizard is nearby!
You closely miss the frilled lizard.
The frilled lizard is heavily wounded.
You block the frilled lizard's attack.
The frilled lizard bites you but does no damage.
You closely miss the frilled lizard.
The frilled lizard is heavily wounded.
The frilled lizard bites you.
You barely miss the frilled lizard.
The frilled lizard is heavily wounded.
The frilled lizard closely misses you. You furiously retaliate!
You headbutt the frilled lizard.
You kill the frilled lizard!
Your Shields skill increases to level 4!
No target in view!
You see here a +0 club.
There is a staircase leading out of the dungeon here.
You can't go down here!
Are you sure you want to leave the Dungeon?
This will make you lose the game!
You have escaped!

#.###.#>#########.##.# ###.###.#
#.#.......# #.##.# #.# .#
#.#.#.#.#.#######.##.# ###.###.#
#.#.#.#.#.........##.# #.....#.#
#.#.#....#######..##.####.....#.#
#.#.###...........##>...........#
#.#.# #..#######.########.....###
#.#[# ################# #......#
#.#.# #......#.#@.....# ######.##
#.#.# #.###.##.###.##.# #...
#.#.###...............# ####
#.....##.##############
.....##...#.......#...#
##.#..###.#####.#.#.########
#.#.##.#.......#...#.##...##
#.#..#.#.###########.#.###.##
#.#.##...#....†....#.### ##.####


There were no monsters in sight!

Vanquished Creatures
  A dart slug (D:1)
  An endoplasm (D:1)
  A giant cockroach (D:1)
  A hobgoblin (D:1)
  A kobold (D:1)
  A quokka (D:1)
  A ball python (D:1)
  2 frilled lizards (D:1)
  2 goblins (D:1)
  A rat (D:1)
12 creatures vanquished.

Notes
Turn   | Place    | Note
-------+----------+-------------------------------------------
     0 | D:1      | crimpus the Minotaur Fighter began the quest for the Orb.
     0 | D:1      | Reached XP level 1. HP: 19/19 MP: 0/0
   525 | D:1      | Reached XP level 2. HP: 27/27 MP: 1/1
   837 | D:$      | Got out of the dungeon alive.

Illustrated notes

Levels and vault maps discovered:
D:1:      onia_arrival_mini_maze, layout_loops_ring, serial_bayou_pond_e

Skill      XL: |  1  2 |
---------------+-------+-----
Armour         | 4 |  4.0
Shields        | 4 |  4.0
Fighting       | |  3.9
Axes           | |  2.4

Action                   || total
-------------------------++-------
Melee: War axe           ||    26
Armor: Scale mail        ||     9
Dodge: Dodged            ||     9
Block: Buckler           ||     6
